 Dungeon Crawl Stone Soup version 0.30-a0-618-gd6c86c23d0 (webtiles) character file.

Game seed: 3296127783288708890

24 Leeroy the Slasher (level 3, 27/27 HPs)
             Began as a Merfolk Gladiator on Jan 9, 2023.
             Got out of the dungeon alive.
             The game lasted 00:00:48 (709 turns).

Leeroy the Slasher (Merfolk Gladiator)               Turns: 709, Time: 00:00:48

Health: 27/27      AC:  4    Str: 16    XL:     3   Next: 2%
Magic:  3/3        EV: 13    Int:  7    God:
Gold:   29         SH:  0    Dex: 15    Spells: 2/2 levels left

rFire   . . .      SeeInvis .    a - +0 long sword
rCold   . . .      Faith    .    (no shield)
rNeg    . . .      Spirit   .    b - +0 leather armour
rPois   .          Reflect  .    c - +0 helmet
rElec   .          Harm     .    (no cloak)
rCorr   .          Rampage  .    (no gloves)
Will    .....                    (no boots)
Stlth   +                        (no amulet)
HPRegen 0.24/turn                (no ring)
MPRegen 0.08/turn                (no ring)

@: no status effects
A: (nimble swimmer 2), mertail
a: no special abilities


You escaped.
You visited 1 branch of the dungeon, and saw 1 of its levels.

You collected 29 gold pieces.

Inventory:

Hand Weapons
 a - a +0 long sword (weapon)
Missiles
 d - 3 throwing nets (quivered)
 e - a javelin
Armour
 b - a +0 leather armour (worn)
 c - a +0 helmet (worn)
Scrolls
 f - a scroll of fear {unknown}
 g - a scroll of noise {unknown}
Potions
 h - a potion of flight {unknown}
 i - 2 potions of haste {unknown}


   Skills:
 + Level 2.2 Fighting
 + Level 4.9 Long Blades
 - Level 2.0 Throwing
 - Level 4.0 Dodging


You had 2 spell levels left.
You didn't know any spells.
Your spell library was empty.

Dungeon Overview and Level Annotations

Branches:
Dungeon (1/15)

Altars:


Innate Abilities, Weirdness & Mutations

((You are very nimble when in or above water. (Stealth+, EV+, Speed+++)))
Your lower body shifts to a powerful aquatic tail in water.


Message History

A bat comes into view.
The bat hits you but does no damage. The bat hits you.
The bat barely misses you.
You hit the bat but do no damage. The bat hits you.
The bat completely misses you.
You miss the bat. The bat closely misses you. The bat hits you.
You hit the bat.
The bat is moderately wounded.
The bat barely misses you. x2; The bat completely misses you.
You barely miss the bat.
The bat is moderately wounded.
The bat closely misses you. The bat barely misses you.
The bat hits you but does no damage.
You closely miss the bat.
The bat is moderately wounded.
The bat hits you but does no damage. x2
You hit the bat but do no damage.
The bat is moderately wounded.
The bat barely misses you. The bat misses you. The bat closely misses you.
You hit the bat but do no damage.
The bat is moderately wounded.
The bat misses you. The bat hits you but does no damage.
You slash the bat!
You kill the bat!
You have reached level 3!
Your experience leads to an increase in your attributes!
Increase (S)trength, (I)ntelligence, or (D)exterity?
You feel stronger. x2
Char dumped successfully.
Okay, then.
Saving game... please wait.
Welcome back, Leeroy the Merfolk Gladiator.
Press ? for a list of commands and other information.
Are you sure you want to abandon this character and quit the game? (Confirm with "yes".)
Okay, then.
You open the door.
There is an open door here.
There is a staircase leading out of the dungeon here.
Are you sure you want to leave the Dungeon?
This will make you lose the game!
You have escaped!

.#.# #.# ##+# #.#...#.# .#.##
#.# ####.# #.##.##.# .#..###.#
##.##.# #.##.##.# .##.#.#.#
##..##.# #.......#
........###...##.##
####....####
.)........'..##...##+.......#
.......#######.....#####....#
.......######.......#####.#.#
........'.......@.......+.#.#
.....########.......#######.##
#...## ##.....## ##.#.## ##.##
##...## ##.###.## #.# ##.##
##.## ##.## #.# #.# #.## ##.#
#.# ####.# ##.## ##.## #.#
########.##.# ##.###.##
#.###.........#'## #..#.##


There were no monsters in sight!

Vanquished Creatures
  3 dart slugs (D:1)
  An endoplasm (D:1)
  3 giant cockroaches (D:1)
  2 goblins (D:1)
  A hobgoblin (D:1)
  A quokka (D:1)
  2 bats (D:1)
  3 kobolds (D:1)
16 creatures vanquished.

Notes
Turn   | Place    | Note
-------+----------+-------------------------------------------
     0 | D:1      | Leeroy the Merfolk Gladiator began the quest for the Orb.
     0 | D:1      | Reached XP level 1. HP: 16/16 MP: 1/1
   198 | D:1      | Found a faded altar of an unknown god.
   233 | D:1      | Reached XP level 2. HP: 16/22 MP: 2/2
   669 | D:1      | Reached XP level 3. HP: 26/27 MP: 3/3
   709 | D:$      | Got out of the dungeon alive.

Illustrated notes

Levels and vault maps discovered:
D:1:      evilmike_arrival_plus, layout_loops_corners,
          shapermc_ecumenical_altar_flowoftime

Skill      XL: |  1 |
---------------+----+-----
Long Blades    | 4 |  4.9
Fighting       | |  2.2
Throwing       | |  2.0
Dodging        | |  4.0

Action                   || total
-------------------------++-------
Melee: Long sword        ||    64
       Punch             ||     1
Armor: Leather armour    ||    33
Dodge: Dodged            ||    50

Table legend: (Time is in decaauts)
 A = Elapsed time spent in this place.
 B = Non-inter-level travel time spent in this place.
 C = Inter-level travel time spent in this place.
 D = Time resting spent in this place.
 E = Time spent auto-exploring this place.
 F = Levels seen in this place.
 G = Mean time per level.
                   A        B        C        D        E       F      G
               +--------+--------+--------+--------+--------+-----+--------+
         Total |    720 |    683 |     37 |      0 |    549 |   1 |  720.0 |
       Dungeon |    720 |    683 |     37 |      0 |    549 |   1 |  720.0 |
               +--------+--------+--------+--------+--------+-----+--------+

Top non-repeatable levels by time:
     D:1: 720 daAuts
